 Dungeon Crawl Stone Soup version 0.21.1-1-g345015f (webtiles) character file.

179 joejoepie the Sneak (level 5, -4/26 HPs)
             Began as a Vine Stalker Assassin on May 12, 2018.
             Slain by Yorethra's ghost (7 damage)
             ... on level 3 of the Dungeon.
             The game lasted 00:19:49 (3029 turns).

joejoepie the Sneak (Vine Stalker Assassin)         Turns: 3029, Time: 00:19:50

Health: -4/26      AC:  6    Str: 15      XL:     5   Next: 59%
Magic:  0/6        EV: 11    Int: 11      God:
Gold:   173        SH:  0    Dex: 14 (15) Spells: 2/4 levels left

rFire    . . .     SeeInvis .   a - +2 dagger
rCold    . . .     Gourm    .   (no shield)
rNeg     . . .     Faith    .   r - +0 ring mail
rPois    .         Spirit   +   (no helmet)
rElec    .         Reflect  .   d - +0 cloak
rCorr    .         Harm     .   (no gloves)
MR       .....                  (no boots)
Stlth    +++.......             (no amulet)
HPRegen  0.48/turn              (no ring)
MPRegen  0.10/turn              (no ring)

@: no status effects
A: fangs 2, regeneration 1, magic shield, antimagic bite, no potion heal 3, rot
immunity
a: no special abilities


You were on level 3 of the Dungeon.
You were not hungry.

You visited 1 branch of the dungeon, and saw 4 of its levels.

You collected 173 gold pieces.

Inventory:

Hand Weapons
 a - a +2 dagger (weapon)
 b - a +0 blowgun
 i - a +0 hunting sling
 n - a +0 short sword
 o - a +0 hunting sling
Missiles
 j - 42 sling bullets
 p - 100 stones (quivered)
 w - 3 poisoned needles
Armour
 c - a +0 robe
 d - a +0 cloak (worn)
 r - a +0 ring mail (worn)
 v - a +0 scale mail
Scrolls
 m - 2 scrolls of magic mapping
 q - a scroll of fog
 s - a scroll of remove curse
 u - a scroll of random uselessness {unknown}
Potions
 e - a potion of agility
 k - a potion of invisibility
 l - a potion of curing
Books
 f - a book of Maledictions

   Spells                             Type                      Level
   a - Corona                         Hexes                        1
   b - Ensorcelled Hibernation        Hexes/Ice                    2
   c - Confuse                        Hexes                        3
   d - Tukima's Dance                 Hexes                        3
   e - Dazzling Spray                 Conjuration/Hexes            3
 t - the Compendium of Ghastly Lightness
   (You found it on level 4 of the Dungeon)

   Spells                             Type                      Level
   a - Animate Skeleton               Necromancy                   1
   b - Mephitic Cloud                 Conjuration/Poison/Air       3
   c - Excruciating Wounds            Charms/Necromancy            5
   d - Silence                        Hexes/Air                    5
   e - Death Channel                  Necromancy                   6
Comestibles
 g - 7 rations
 h - 14 chunks of flesh


   Skills:
 + Level 2.2 Fighting
 * Level 2.5 Short Blades
 + Level 3.1 Throwing
 + Level 1.4 Dodging
 - Level 6.3 Stealth
 + Level 0.1 Spellcasting


You had 2 spell levels left.
You knew the following spells:

 Your Spells              Type           Power        Failure   Level  Hunger
a - Ensorcelled Hibernat  Hex/Ice        #.....       71%         2    ###....


Dungeon Overview and Level Annotations

Branches:
Dungeon (4/15)
 Temple: D:4-7

Altars:
Nemelex Xobeh
Vehumet

Annotations:
D:3 Yorethra's ghost, amateur GrFi


Innate Abilities, Weirdness & Mutations

You have extremely sharp teeth.
Your natural rate of healing is unusually fast.
When hurt, damage is shared between your health and your magic reserves.
Your bite disrupts and absorbs the magic of your enemies.
Potions cannot restore your health.
You are immune to rotting.


Message History

Yorethra's ghost barely misses you.
You hit Yorethra's ghost but do no damage.
You bite Yorethra's ghost, but do no damage.
Yorethra's ghost is severely damaged.
Yorethra's ghost hits you!
* * * LOW HITPOINT WARNING * * *
You hit Yorethra's ghost but do no damage.
You bite Yorethra's ghost, but do no damage.
Yorethra's ghost is severely damaged.
Yorethra's ghost wails, "You will join me soon!"
Yorethra's ghost hits you.
You hit Yorethra's ghost but do no damage.
Your bite misses Yorethra's ghost.
Yorethra's ghost is severely damaged.
Yorethra's ghost closely misses you.
You hit Yorethra's ghost but do no damage.
You bite Yorethra's ghost, but do no damage.
Yorethra's ghost is severely damaged.
Yorethra's ghost hits you!
You die...

#######...## #.#....<...#
.######.### ####.#........#
.....##.# #.............#
####..#.#####.##.#......<.#
..###.........##.#........#
#.# ##......####.##########
#.####.####....#.# #.#....#
####.#.## #...####
###.#@.##### #..##
#....W.....# ####
#..........# #..........#
#..........# #..........#
#..........# ############


You could see Yorethra's ghost.

Vanquished Creatures
  A crimson imp (D:2)
  6 adders
  2 oozes
  A worm (D:2)
  A dart slug (D:1)
  3 leopard geckos
  5 orcs (D:3)
  3 giant cockroaches
  9 goblins
  7 hobgoblins
  7 jackals
  2 quokkas
  A ball python (D:3)
  9 bats
  3 frilled lizards
  3 kobolds
  9 rats
72 creatures vanquished.

Notes
Turn   | Place    | Note
-------+----------+-------------------------------------------
     0 | D:1      | joejoepie the Vine Stalker Assassin began the quest for the Orb.
     0 | D:1      | Reached XP level 1. HP: 11/11 MP: 2/2
    11 | D:1      | Reached skill level 5 in Stealth
   235 | D:1      | Reached XP level 2. HP: 9/15 MP: 3/3
  1273 | D:2      | Reached XP level 3. HP: 18/18 MP: 4/4
  1356 | D:2      | Reached skill level 1 in Dodging
  1356 | D:2      | Reached skill level 6 in Stealth
  1689 | D:2      | Gained mutation: Your natural rate of healing is unusually fast. [Vine Stalker growth]
  1689 | D:2      | Reached XP level 4. HP: 23/23 MP: 5/5
  2072 | D:3      | Found a radiant altar of Vehumet.
  2078 | D:3      | Noticed Yorethra's ghost (amateur GrFi)
  2122 | D:2      | Reached XP level 5. HP: 21/26 MP: 6/6
  2616 | D:4      | Identified the Compendium of Ghastly Lightness
  2622 | D:4      | Learned a level 2 spell: Ensorcelled Hibernation
  2744 | D:3      | Found a sparkling altar of Nemelex Xobeh.
  2790 | D:3      | Found a glowing drain.
  3029 | D:3      | Slain by Yorethra's ghost

Skill      XL: |  1  2  3  4  5 |
---------------+----------------+-----
Stealth        | 5 6 |  6.3
Throwing       | 2 3 |  3.1
Dodging        | 1 |  1.4
Fighting       | 2 |  2.2
Short Blades   | 2 |  2.5
Spellcasting   | |  0.1

Action                   |  1- 3 |  4- 6 || total
-------------------------+-------+-------++-------
Melee: Dagger            |    43 |   131 ||   174
       Bite              |     5 |    40 ||    45
 Fire: Blowgun           |    39 |    14 ||    53
Throw: Stone             |       |    16 ||    16
 Cast: Ensorcelled Hiber |       |     1 ||     1
  Use: Scroll            |     5 |       ||     5
       Potion            |     4 |     1 ||     5
 Stab: Sleeping          |     8 |     5 ||    13
       Distracted        |     1 |     1 ||     2
  Eat: Chunk             |     2 |     5 ||     7
Armor: Robe              |    19 |    24 ||    43
       Ring mail         |       |    15 ||    15
Dodge: Dodged            |    45 |    88 ||   133
